 Dungeon Crawl Stone Soup version 0.29.1-1-gd02db6906a (webtiles) character file.

Game seed: 11743554180537688451

1281 jamesp the Insei (level 8, 0/81 HPs)
             Began as an Octopode Transmuter on Oct 11, 2022.
             Succumbed to Edmund's poison
             ... on level 6 of the Dungeon.
             The game lasted 00:12:59 (5896 turns).

jamesp the Insei (Octopode Transmuter)              Turns: 5896, Time: 00:13:00

Health: 0/81       AC: 24    Str:  9    XL:     8   Next: 54%
Magic:  14/14      EV:  2    Int: 18    God:
Gold:   217        SH:  0    Dex: 12    Spells: 14/15 levels left

rFire   . . .      SeeInvis .     - Unarmed
rCold   . . .      Faith    .   (no shield)
rNeg    + . .      Spirit   .   (helmet currently unavailable)
rPois   +          Reflect  .   (no amulet)
rElec   .          Harm     .   r - +4 ring of evasion
rCorr   +          Rampage  .   q - ring of positive energy
Will    .....      NoTele   +   y - ring of resist corrosion
Stlth   +.........              (no ring)
HPRegen 0.23/turn               (no ring)
MPRegen 0.14/turn               (no ring)
                                (no ring)
                                (no ring)

@: lethally poisoned (0 -> -12), tree-form (expiring)
A: stationary, stasis, torment immunity, boosted hp, almost no armour,
(amphibious), 8 rings, (camouflage 1), (gelatinous body 1), (nimble swimmer 1),
(tentacles)
a: no special abilities


You were on level 6 of the Dungeon.
You were a tree.
You visited 1 branch of the dungeon, and saw 6 of its levels.

You collected 366 gold pieces.
You spent 149 gold pieces at shops.

Inventory:

Hand Weapons
 v - the +6 whip of Bahaq {vorpal, Fly}
   (You found it on level 5 of the Dungeon)

   It inflicts extra damage upon your enemies.
   Fly:       It grants you flight.
Missiles
 e - 24 stones
 l - 6 poisoned darts (quivered)
 m - 6 boomerangs
Jewellery
 q - a ring of positive energy (right branch)
 r - a +4 ring of evasion (left branch)
 y - a ring of resist corrosion (on tentacle)
Wands
 h - a wand of polymorph (9)
 x - a wand of mindburst (20)
Scrolls
 b - 2 scrolls of amnesia {unknown}
 c - 2 scrolls of enchant armour {unknown}
 d - a scroll of butterflies {unknown}
 f - 2 scrolls of noise {unknown}
 g - 3 scrolls of enchant weapon
 i - 2 scrolls of blinking
 j - 3 scrolls of immolation
 n - a scroll of poison
 p - 2 scrolls of teleportation
 u - a scroll of fear {unknown}
 w - a scroll of summoning {unknown}
 z - a scroll of magic mapping {unknown}
Potions
 a - a potion of lignification
 k - 3 potions of flight
 t - a potion of might
 A - a potion of berserk rage {unknown}


   Skills:
 - Level 4.0 Fighting
 - Level 2.0 Dodging
 + Level 6.6 Unarmed Combat
 - Level 4.0 Spellcasting
 + Level 6.2 Transmutations


You had 14 spell levels left.
You knew the following spells:

 Your Spells              Type           Power      Damage    Failure   Level
a - Beastly Appendage     Tmut           52%        N/A       1%          1

Your spell library contained the following spells:

 Spells                   Type           Power      Damage    Failure   Level
 Wereblood                Tmut           26%        N/A       1%          2
 Spider Form              Tmut/Pois      14%        N/A       12%         3
 Shock                    Conj/Air       12%        1d3       14%         1
 Ice Form                 Ice/Tmut       14%        N/A       38%         4
 Swiftness                Air            3%         N/A       41%         3
 Airstrike                Air            1%         2d(1-17)  82%         4


Dungeon Overview and Level Annotations

Branches:
Dungeon (6/15)
 Temple: D:4-7

Altars:
Ashenzari
Gozag
Makhleb
Okawaru
Uskayaw
Zin

Shops:
D:3 !   D:4 ?


Innate Abilities, Weirdness & Mutations

You are a tree.
Your roots penetrate the ground, keeping you stationary.
You cannot be teleported.
You are immune to unholy pain and torment.
Your maximum health is greatly increased.
You cannot wear most types of armour.
((You are amphibious.))
You can wear up to eight rings at the same time.
((Your skin changes colour to match your surroundings (Stealth+).))
((Your rubbery body absorbs attacks. (AC +1, EV +1)))
((You are camouflaged when in or above water. (Stealth+)))
((You have tentacles for arms and can constrict up to eight enemies at once.))


Message History

You feel invigorated.
* * * LOW HITPOINT WARNING * * *
You feel very sick. Edmund hits you but does no damage.
You cannot move. (Use ctrl+direction or * direction to attack while stationary and confused.)
You cannot move. (Use ctrl+direction or * direction to attack while stationary and confused.)
You cannot move. (Use ctrl+direction or * direction to attack while stationary and confused.)
You swing at nothing.
* * * LOW HITPOINT WARNING * * *
You feel very sick.
Edmund says, "You wouldn't believe how much I paid for this flail."
Edmund hits you but does no damage.
You hit Edmund but do no damage.
Edmund is severely wounded.
Your transformation is almost over.
* * * LOW HITPOINT WARNING * * *
You feel very sick. Edmund hits you but does no damage.
You nearly hit yourself!
* * * LOW HITPOINT WARNING * * *
You feel very sick.
Edmund hits you with a +2 flail of venom.
* * * LOW HITPOINT WARNING * * *
You hit Edmund but do no damage.
Edmund is severely wounded.
* * * LOW HITPOINT WARNING * * *
You feel sick. Edmund hits you but does no damage.
You swing at nothing.
* * * LOW HITPOINT WARNING * * *
You feel sick.
Edmund hits you with a +2 flail of venom.
* * * LOW HITPOINT WARNING * * *
You are more poisoned.
You swing at nothing.
You feel less invigorated.
You feel less confused.
* * * LOW HITPOINT WARNING * * *
You feel very sick.
You smack Edmund!
You kill Edmund!
You die...

#....# ##....#
##... .+....+
#.#... .#....#
#.#... ......#
#.#.. #.....# #.#..
# ###'###
#.#.#######.#
#...###.#.........#
###...#.#..##.♣...#
###......##..)..#
###.#..##.....#
......##..:..#
###.#..##.....#
#.#..##.....#
#.##.##.....#
#.##.#####..# ..#
..


There were no monsters in sight!

Vanquished Creatures
  Grinder (D:5)
  Eustachio (D:5)
  Edmund (D:6)
  A water moccasin (D:5)
  An ogre (D:4)
  A centaur (D:5)
  2 phantoms
  A necrophage (D:5)
  A scorpion (D:5)
  2 hounds
  Crazy Yiuf (D:5)
  A jelly (D:4)
  3 iguanas (D:5)
  An orc wizard (D:5)
  3 gnolls (D:5)
  5 adders
  2 river rats (D:5)
  4 worms
  3 dart slugs
  4 orcs
  10 ball pythons
  2 bats (D:2)
  6 endoplasms
  5 giant cockroaches
  7 goblins
  6 hobgoblins
  10 jackals
  3 quokkas
  6 frilled lizards
  3 kobolds
  7 rats
104 creatures vanquished.

Notes
Turn   | Place    | Note
-------+----------+-------------------------------------------
     0 | D:1      | jamesp the Octopode Transmuter began the quest for the Orb.
     0 | D:1      | Reached XP level 1. HP: 13/13 MP: 3/3
    87 | D:1      | Reached XP level 2. HP: 17/18 MP: 5/5
   655 | D:1      | Found a faded altar of an unknown god.
   715 | D:1      | Reached XP level 3. HP: 18/23 MP: 4/6
   987 | D:2      | You fall into a shaft and drop 2 floors!
  1861 | D:3      | Reached XP level 4. HP: 29/29 MP: 7/7
  2267 | D:3      | Found Hirghax's Distillery.
  2294 | D:3      | Bought a potion of attraction for 33 gold pieces
  2294 | D:3      | Bought a potion of lignification for 33 gold pieces
  2294 | D:3      | Bought a potion of degeneration for 11 gold pieces
  2376 | D:3      | Found a broken altar of Ashenzari.
  2495 | D:4      | Noticed an ogre
  2556 | D:4      | Found an iron altar of Okawaru.
  2571 | D:4      | Reached XP level 5. HP: 34/35 MP: 7/9
  2645 | D:4      | Noticed a phantom
  2881 | D:4      | Killed a phantom
  2882 | D:4      | Reached XP level 6. HP: 16/42 MP: 8/10
  3239 | D:4      | Found a glowing silver altar of Zin.
  3246 | D:4      | Found a hide-covered altar of Uskayaw.
  3300 | D:4      | Found an opulent altar of Gozag.
  3439 | D:4      | Found Este's Magic Scroll Boutique.
  3445 | D:4      | Bought a scroll of identify for 24 gold pieces
  3445 | D:4      | Bought a scroll of identify for 24 gold pieces
  3445 | D:4      | Bought a scroll of identify for 24 gold pieces
  3467 | D:5      | Entered Level 5 of the Dungeon
  4019 | D:5      | Reached XP level 7. HP: 19/47 MP: 10/12
  4424 | D:5      | Identified the +6 whip of Bahaq {vorpal, Fly}
  4558 | D:5      | Found a burning altar of Makhleb.
  4663 | D:5      | Noticed Grinder
  4674 | D:5      | Killed Grinder
  4675 | D:5      | Reached skill level 5 in Unarmed Combat
  4676 | D:5      | Reached skill level 5 in Transmutations
  4678 | D:5      | Noticed Eustachio
  4689 | D:5      | Killed Eustachio
  4690 | D:5      | Reached XP level 8. HP: 28/54 MP: 14/14
  5133 | D:5      | Found a runed translucent door.
  5134 | D:5      | Noticed Crazy Yiuf
  5143 | D:5      | Killed Crazy Yiuf
  5868 | D:6      | Noticed Edmund
  5888 | D:6      | HP: 2/81 [poisoned by Edmund]
  5893 | D:6      | HP: 4/81 [poisoned by Edmund]
  5896 | D:6      | Killed Edmund
  5896 | D:6      | Succumbed to Edmund's poison

Illustrated notes

Levels and vault maps discovered:
D:1:      shiori_arrival_maze, layout_basic,
          shapermc_ecumenical_altar_mp_vishouse
D:2:      layout_basic, dk_noncrumbling_3, kennysheep_flooded_box
D:3:      layout_basic, ashenzari_altar_1, serial_shops, shop_coins,
          kennysheep_generic_room_10
D:4:      layout_cave_pools, mainiacjoe_overflow_tiny_flanked,
          nicolae_overflow_hidden_temple, serial_shops,
          nicolae_shop_temple_entry_statues_fountains
D:5:      layout_cave_pools, mainiacjoe_overflow_paths, portal_sewer_entry_e,
          uniq_eustachio, uniq_crazy_yiuf_cottage, uniq_grinder
D:6:      layout_basic, temple_green, st_stairs_14, uniq_edmund, uniq_menkaure

Skill      XL: |  1  2  3  4  5  6  7  8 |
---------------+-------------------------+-----
Fighting       | 2 3 4 |  4.0
Transmutations | 3 4 5 6 |  6.2
Spellcasting   | 3 4 |  4.0
Unarmed Combat | 4 5 6 |  6.6
Dodging        | |  2.0

Action                   |  1- 3 |  4- 6 |  7- 9 || total
-------------------------+-------+-------+-------++-------
Melee: Unarmed           |    80 |   105 |    95 ||   280
       Constrict         |    28 |    28 |    14 ||    70
       Tentacles         |    18 |    25 |    32 ||    75
       Kick              |    21 |    39 |    27 ||    87
       Punch             |     1 |    10 |     7 ||    18
Throw: Dart              |       |     8 |       ||     8
 Cast: Beastly Appendage |    23 |    24 |     9 ||    56
  Use: Scroll            |       |     9 |       ||     9
       Potion            |       |       |     5 ||     5
 Stab: Sleeping          |     9 |     2 |     4 ||    15
       Distracted        |     1 |       |       ||     1
Armor: Skin              |     4 |     4 |    10 ||    18
Dodge: Dodged            |    38 |    75 |    56 ||   169
